AoeStats
← Caramiiel

Arabia

509746881Analyzed
1v1 RM · 4d ago on Sep 27, 2026· 62m 55s· 2 players
Game mode
Random Map
Map size
Tiny (2 player)
Population
200
Speed
Normal
Resources
Standard
Victory
Conquest
Starting age
Dark Age
Ending age
Imperial Age
RankedLock teamsTeams togetherTeam positionsShared explorationLock speedFull tech treeHidden civsTurbo modeCheats
Victory
Defeat
🇫🇷 Franks · France
972
+15
🇲🇽 Cumans · Mexico
943
-15
MKNT | Sr. MnKo
0:44 Loom
11:43 Feudal Age
13:04 Man-at-Arms
14:48 Double-Bit Axe
22:40 Castle Age
21:28 Fletching
21:48 Horse Collar
23:26 Scale Barding Armor
26:22 Pikeman
33:01 Squires
34:21 Steppe Husbandry
40:15 Chain Barding Armor
42:53 Bloodlines
42:44 Bodkin Arrow
44:14 Light Cavalry
50:21 Heavy Plow
52:23 Elite Skirmisher
Caramiiel
4:37 Loom
11:57 Feudal Age
13:10 Man-at-Arms
14:42 Double-Bit Axe
16:47 Wheelbarrow
17:25 Fletching
21:35 Castle Age
21:40 Gold Mining
21:59 Scale Barding Armor
22:06 Forging
24:21 Iron Casting
24:16 Bow Saw
27:47 Husbandry
28:10 Chain Barding Armor
28:04 Pikeman
29:34 Scale Mail Armor
31:54 Squires
32:23 Hand Cart
37:56 Bodkin Arrow
41:41 Imperial Age
42:52 Halberdier
43:34 Arson
44:54 Chain Mail Armor
50:43 Gold Shaft Mining
49:59 Stone Mining
50:03 Cavalier
52:27 Blast Furnace
52:03 Plate Barding Armor
51:23 Capped Ram
55:03 Paladin
59:50 Elite Throwing Axeman
Connection lost

Rejoining the realm…

Still unreachable

The connection could not be restored.

Session expired

The server has moved on; the page needs a fresh start.